 Dungeon Crawl Stone Soup version 0.24-a0-584-g9d6b971ae4 (webtiles) character file.

Game seed: 1315894019731633780, levelgen mode: deterministic

115222 Gargoyl the Corrupter of Planes (level 16, -8/132 HPs)
             Began as a Centaur Abyssal Knight on Sept 2, 2019.
             Was the Champion of Lugonu.
             Mangled by an ogre
             ... wielding a +0 giant club
              (12 damage)
             ... while paralysed by an ogre mage
             ... on level 2 of the Orcish Mines on Sept 3, 2019.
             The game lasted 00:53:05 (34596 turns).

Gargoyl the Corrupter of Planes (CeAK)             Turns: 34596, Time: 00:53:06

Health: -8/132     AC: 23    Str: 27    XL:     16   Next: 18%
Magic:  26/26      EV:  1    Int: 11    God:    Lugonu [******]
Gold:   2007       SH:  0    Dex: 20    Spells: 15/15 levels left

rFire    + . .     SeeInvis +   C - +5 trident of Disharmony {flame, Str+4}
rCold    . . .     Gourm    .   t - +2 shield {rF+}
rNeg     . . .     Faith    .   b - +3 ring mail of Context {-Cast Str+3 Dex+6}
rPois    .         Spirit   .   e - +2 helmet
rElec    .         Reflect  .   J - scarf {repulsion}
rCorr    .         Harm     .   u - +0 pair of gloves {Dex+3}
MR       +....     NoCast   +   v - +0 centaur barding {Stlth+}
Stlth    ++........             N - amulet of magic regeneration
HPRegen  0.32/turn              d - ring of flight
MPRegen  0.45/turn              l - +6 ring of evasion

@: paralysed, repel missiles, very quick
A: large, hooves 3, slimy green scales 1, see invisible, blink, deformed body,
speed 2, tough skin 3
a: Blink, Depart the Abyss, Bend Space, Banish, Corrupt, Enter the Abyss, Brand
Weapon With Distortion, Renounce Religion, Evoke Flight


You were on level 2 of the Orcish Mines.
You worshipped Lugonu.
Lugonu was exalted by your worship.
You were not hungry.

You visited 3 branches of the dungeon, and saw 23 of its levels.
You visited the Abyss 3 times.
You also visited: Volcano.

You collected 2593 gold pieces.
You spent 586 gold pieces at shops.

Inventory:

Hand Weapons
 a - a +2 hand axe
 y - a +2 war axe of chopping
 C - the +5 trident of Disharmony (weapon) {flame, Str+4}
   (You took it off a spriggan on level 10 of the Dungeon)

   It has been specially enchanted to burn those struck by it, causing extra
   injury to most foes and up to half again as much damage against particularly
   susceptible opponents.
   It affects your strength (+4).
 M - a +6 broad axe of chopping
Missiles
 m - 6 boomerangs (quivered)
Armour
 b - the +3 ring mail of Context (worn) {-Cast Str+3 Dex+6}
   (You found it on level 4 of the Dungeon)

   It affects your strength (+3).
   It affects your dexterity (+6).
   It prevents spellcasting.
 e - a +2 helmet (worn)
 t - a +2 shield of fire resistance (worn)
 u - a +0 pair of gloves of dexterity (worn)
 v - a +0 centaur barding of stealth (worn)
 J - a scarf of repulsion (worn)
 O - a +1 chain mail of fire resistance
 S - a +0 plate armour of fire resistance
Jewellery
 d - a ring of flight (left hand)
 l - a +6 ring of evasion (right hand)
 N - an amulet of magic regeneration (around neck)
Wands
 g - a wand of digging (12)
 k - a wand of iceblast (26)
 q - a wand of acid (11)
 r - a wand of enslavement (10)
 w - a wand of polymorph (8)
 x - a wand of flame (8)
 K - a wand of disintegration (14)
 R - a wand of random effects (21)
Scrolls
 f - 14 scrolls of identify
 n - 9 scrolls of teleportation
 o - 12 scrolls of remove curse
 A - 4 scrolls of fog
 B - 3 scrolls of silence
 F - 4 scrolls of blinking
 G - 4 scrolls of magic mapping
 Q - 4 scrolls of enchant weapon
Potions
 h - a potion of mutation
 i - 5 potions of heal wounds
 j - 10 potions of curing
 p - 3 potions of lignification
 s - 2 potions of flight
 z - a potion of agility
 D - 2 potions of berserk rage {unknown}
 E - 2 potions of haste
 H - 6 potions of brilliance
 I - 3 potions of ambrosia
 L - 2 potions of cancellation
Comestibles
 c - 34 rations


   Skills:
 + Level 9.5 Fighting
 + Level 9.5(11.7) Axes
 + Level 11.1(12.4) Polearms
 + Level 3.0 Throwing
 * Level 10.0 Armour
 * Level 9.5 Dodging
 + Level 7.7 Shields
 * Level 13.4 Invocations
 + Level 1.1 Evocations


You had 15 spell levels left.
You didn't know any spells.
Your spell library contained the following spells:

 Spells                   Type           Power        Failure   Level  Hunger
 Animate Skeleton         Necr           N/A          54%         1    ##.....
 Apportation              Tloc           #.....       54%         1    ##.....
 Beastly Appendage        Tmut           #.....       54%         1    ##.....
 Confusing Touch          Hex            #.....       54%         1    ##.....
 Corona                   Hex            #......      54%         1    ##.....
 Infusion                 Chrm           #...         54%         1    ##.....
 Magic Dart               Conj           #...         54%         1    ##.....
 Sandblast                Erth           #.....       54%         1    ##.....
 Sting                    Conj/Pois      #...         54%         1    ##.....
 Summon Small Mammal      Summ           #...         54%         1    ##.....
 Blink                    Tloc           N/A          67%         2    ###....
 Poisonous Vapours        Pois/Air       #.....       67%         2    ###....
 Searing Ray              Conj           #.....       67%         2    ###....
 Shroud of Golubria       Chrm/Tloc      #.....       67%         2    ###....
 Slow                     Hex            #.......     67%         2    ###....
 Song of Slaying          Chrm           #.......     67%         2    ###....
 Sticks to Snakes         Tmut           #.......     67%         2    ###....
 Dazzling Spray           Conj/Hex       #.....       88%         3    ####...
 Gell's Gravitas          Tloc           #.........   88%         3    ####...
 Inner Flame              Hex/Fire       #.......     88%         3    ####...
 Lesser Beckoning         Tloc           #.........   88%         3    ####...
 Mephitic Cloud           Conj/Pois/Air  #.......     88%         3    ####...
 Portal Projectile        Hex/Tloc       #.....       88%         3    ####...
 Regeneration             Chrm/Necr      #.........   88%         3    ####...
 Spectral Weapon          Hex/Chrm       #.......     88%         3    ####...
 Spider Form              Tmut/Pois      #.........   88%         3    ####...
 Teleport Other           Tloc           #.......     88%         3    ####...
 Cause Fear               Hex            #.........   99%         4    #####..
 Force Lance              Conj/Tloc      #.......     99%         4    #####..
 Fulminant Prism          Conj/Hex       #.........   99%         4    #####..
 Ice Form                 Ice/Tmut       #.......     99%         4    #####..
 Iskenderun's Mystic Bla  Conj           #.......     99%         4    #####..
 Leda's Liquefaction      Hex/Erth       #.........   99%         4    #####..
 Olgreb's Toxic Radiance  Pois           #.......     99%         4    #####..
 Passage of Golubria      Tloc           N/A          99%         4    #####..
 Blade Hands              Tmut           #.........   100%        5    ######.
 Bolt of Magma            Conj/Fire/Erth #.........   100%        5    ######.
 Iskenderun's Battlesphe  Conj/Chrm      #.......     100%        5    ######.
 Lee's Rapid Deconstruct  Erth           #.........   100%        5    ######.
 Silence                  Hex/Air        #.........   100%        5    ######.
 Venom Bolt               Conj/Pois      #.........   100%        5    ######.
 Yara's Violent Unravell  Hex/Tmut       #.........   100%        5    ######.
 Deflect Missiles         Chrm/Air       #.........   100%        6    #######
 Iron Shot                Conj/Erth      #.........   100%        6    #######
 Statue Form              Tmut/Erth      #........    100%        6    #######
 Dragon Form              Tmut           #.........   100%        7    #######
 Orb of Destruction       Conj           #.........   100%        7    #######
 Spellforged Servitor     Conj/Summ      #.........   100%        7    #######
 Discord                  Hex            #.........   100%        8    #######
 Shatter                  Erth           #.........   100%        9    #######


Dungeon Overview and Level Annotations

Branches:
Dungeon (15/15)            Temple (0/1) D:6            Lair (6/6) D:10
  Swamp (0/4) Lair:4        Snake (0/4) Lair:3        Slime (0/5) Lair:5
    Orc (2/2) D:9          Vaults (0/5) D:13         Depths (0/5) D:15
Volcano (visited)
    Elf: Orc:2

Altars:
Dithmenos
Elyvilon
Fedhas
Nemelex Xobeh
Ru
Vehumet
Xom
Yredelemnul
Jiyva

Shops:
D:5 *   D:11 *   D:12 [

Portals:
Trove: D:11 (give +3 storm dragon scales)

Annotations:
D:7 Prince Ribbit
D:8 3 runed translucent doors, Flugkiller's ghost, novice DrHu; MordorOrchid's ghost, novice OpEn; demivan's ghost, novice HOMo; splatterpode's ghost, novice OpBe
Orc:1 Sonja


Innate Abilities, Weirdness & Mutations

You have hooves in place of feet.
Armour fits poorly on your strangely shaped body.
You cover ground very quickly.
You have extremely tough skin. (AC +3)
You are partially covered in slimy green scales. (AC +2)
You have supernaturally acute eyesight. (SInv)
You can translocate small distances at will.


Message History

* * * LOW HITPOINT WARNING * * *
The two-headed ogre hits you but does no damage. x2
The ogre mage hits you with a +0 spear.
* * * LOW HITPOINT WARNING * * *
The ogre mage hits you but does no damage.
The ogre mage gestures at you while chanting.
You shrug off the repeated paralysis!
The ogre mage hits you but does no damage.
The two-headed ogre hits you but does no damage.
The two-headed ogre hits you with a +0 giant club!
* * * LOW HITPOINT WARNING * * *
The ogre hits you but does no damage. The ogre mage hits you with a +0 spear.
* * * LOW HITPOINT WARNING * * *
The ogre mage hits you but does no damage.
The two-headed ogre hits you with a +0 giant club!
* * * LOW HITPOINT WARNING * * *
The two-headed ogre hits you but does no damage.
The ogre mage hits you but does no damage.
The ogre hits you with a +0 giant club!
You die...

.................#.##
.....#.............##
....................##
.....................#
................O....# .##
....................##....
................O..###....
...........[)...O.##....# #
................@......# .##
...............OO.....## #...#
.............[[<.......###..#
..............).........#...#
.........................#..####
.............................#.##
.........................#..#...#
....................#..........#
...............................#


You could see a two-headed ogre, 2 ogre magi and 2 ogres.

Vanquished Creatures
  Jorgrun (D:14)
  An orc warlord (Orc:1)
  Snorg (D:13)
  Josephine (D:12)
  A fire dragon (Lair:6)
  Fannar (Orc:2)
  4 hydras
  An ice dragon (D:13)
  A great orb of eyes (Abyss:2)
  2 catoblepae
  3 centaur warriors
  4 death yaks
  12 two-headed ogres
  5 ogre magi
  A vampire mage (D:13)
  A sun demon (Volcano)
  Nergalle (Lair:4)
  A hell knight (Volcano)
  2 wizards
  2 unseen horrors
  2 lindwurms (Lair:6)
  2 orc knights
  2 wolf spider zombies (D:12)
  An oklob plant (Lair:6)
  16 ugly things
  2 orc sorcerers (D:15)
  4 deep elf magi
  A wolf spider (Lair:5)
  5 manticores
  3 cyclopes
  10 elephants
  9 black mambas
  4 centaur zombies
  A guardian serpent (Lair:6)
  Maurice (D:10)
  2 naga magi
  5 torpor snails (Lair:6)
  3 centaur skeletons
  20 spiny frogs
  4 orange demons
  A rime drake (Lair:6)
  3 yaktaurs (D:15)
  9 komodo dragons
  2 ice devils (Lair:2)
  9 trolls
  3 meliai (D:13)
  3 tyrant leeches (Lair:6)
  A merfolk (shapeshifter) (D:13)
  Grinder (D:4)
  10 hornets
  3 slime creatures (D:13)
  11 hippogriffs
  4 dream sheep (Lair:5)
  6 blink frogs
  4 redbacks (Lair:6)
  A vampire (D:14)
  7 wraiths
  13 wyverns
  5 spriggans
  3 basilisks
  69 yaks
  3 hungry ghosts
  A chaos spawn (Abyss:2)
  4 vampire mosquitoes (D:14)
  Menkaure (D:4)
  3 wargs (Orc:1)
  An acid dragon (D:13)
  2 soldier ants
  The ghost of Thargor the Magician, an amateur DEEE (D:4)
  9 porcupines
  29 orc warriors
  22 water moccasins
  2 phantoms
  A hell hound (Volcano)
  7 sky beasts
  An eye of draining (shapeshifter) (D:9)
  2 ice beasts
  An ice beast (shapeshifter) (D:14)
  A black bear (shapeshifter) (D:13)
  4 black bears
  30 wolves
  An eye of draining (D:14)
  14 ogres
  12 centaurs
  7 crocodiles
  2 small abominations (Abyss:2)
  18 bullfrogs
  A big kobold (D:13)
  A wyvern zombie (D:14)
  A gnoll sergeant (D:7)
  A wyvern skeleton (D:7)
  8 scorpions
  11 killer bees
  16 wights
  An electric eel (D:9)
  2 howler monkeys
  3 bullfrog zombies
  3 quasits
  12 crimson imps
  An iron imp (Abyss:2)
  10 hounds
  16 orc priests
  2 jellies
  29 orc wizards
  2 bullfrog skeletons
  2 iguanas (D:6)
  A hell rat (D:8)
  8 worker ants
  A hound skeleton (D:7)
  A worker ant zombie (D:6)
  12 gnolls
  18 adders
  6 river rats (D:8)
  2 shadow imps
  An ooze (D:1)
  A worm (D:2)
  6 dart slugs
  5 leopard geckos
  72 orcs
  5 giant cockroaches
  5 goblins
  8 hobgoblins
  18 jackals
  9 quokkas
  5 bats
  4 frilled lizards
  A giant cockroach zombie (D:6)
  A jackal skeleton (D:8)
  15 kobolds
  2 leopard gecko skeletons
  23 rats
  A spectral orc (D:2)
  A plant (Lair:6)
844 creatures vanquished.

Vanquished Creatures (collateral kills)
  A centaur skeleton (D:12)
  An orc (D:9)
2 creatures vanquished.

Vanquished Creatures (others)
  The ghost of bmj180 the Severer, a journeyman HOFi of Kikubaaqudgha (D:9)
  2 hydras (D:9)
  A wizard (D:15)
  A meliai (D:9)
  3 bushes
  27 fungi
  17 plants
52 creatures vanquished.

Grand Total: 898 creatures vanquished

Notes
Turn   | Place    | Note
-------+----------+-------------------------------------------
     0 | Abyss:1  | Gargoyl the Centaur Abyssal Knight began the quest for the
                  | Orb.
     0 | Abyss:1  | Reached XP level 1. HP: 19/19 MP: 2/2
   107 | Abyss:1  | Found a corrupted altar of Lugonu.
   200 | Abyss:1  | Noticed a large abomination
   213 | Abyss:1  | Noticed a raiju
   216 | Abyss:1  | Noticed an efreet
   220 | D:1      | Escaped the Abyss
   315 | D:1      | Reached XP level 2. HP: 4/26 MP: 3/3
   615 | D:1      | Reached * piety under Lugonu
   865 | D:1      | Reached skill level 1 in Dodging
   988 | D:1      | Reached XP level 3. HP: 31/31 MP: 4/4
  1158 | D:2      | Gained mutation: You have supernaturally acute eyesight.
                  | (SInv) [potion of mutation]
  1158 | D:2      | Gained mutation: You can translocate small distances at
                  | will. [potion of mutation]
  1158 | D:2      | Gained mutation: You are partially covered in slimy green
                  | scales. (AC +2) [potion of mutation]
  1411 | D:2      | Reached XP level 4. HP: 36/38 MP: 5/5
  1646 | D:2      | Reached ** piety under Lugonu
  2122 | D:2      | Reached XP level 5. HP: 44/45 MP: 7/7
  2123 | D:2      | Found a faded altar of an unknown god.
  2283 | D:2      | Found a basalt altar of Yredelemnul.
  3053 | D:3      | Reached skill level 3 in Invocations
  3808 | D:4      | Found a blossoming altar of Fedhas.
  3816 | D:4      | Reached XP level 6. HP: 41/52 MP: 8/8
  3893 | D:4      | Noticed Menkaure
  4007 | D:4      | Killed Menkaure
  4371 | D:4      | Got a polished ring mail
  4382 | D:4      | Identified the +3 ring mail of Context {-Cast Str+3 Dex+6}
                  | (You found it on level 4 of the Dungeon)
  4869 | D:4      | Noticed Grinder
  4870 | D:4      | Paralysed by Grinder for 4 turns
  4882 | D:4      | Killed Grinder
  4882 | D:4      | Reached XP level 7. HP: 37/59 MP: 9/9
  5089 | D:4      | Found a runed translucent door.
  5094 | D:4      | Noticed Thargor's ghost (amateur DEEE)
  5111 | D:4      | Killed Thargor's ghost
  5351 | D:5      | Entered Level 5 of the Dungeon
  5364 | D:5      | Found Dav Iwn's Assorted Antiques.
  5370 | D:5      | Found a sparkling altar of Nemelex Xobeh.
  5391 | D:5      | Found a radiant altar of Vehumet.
  5395 | D:5      | Reached skill level 4 in Invocations
  5433 | D:5      | Reached XP level 8. HP: 34/66 MP: 11/11
  5466 | D:5      | Reached *** piety under Lugonu
  5802 | D:5      | Found a sacrificial altar of Ru.
  6224 | D:5      | Reached skill level 5 in Axes
  6709 | D:6      | Reached skill level 5 in Invocations
  6897 | D:6      | Reached XP level 9. HP: 72/72 MP: 12/12
  6916 | D:6      | Reached **** piety under Lugonu
  6997 | D:6      | Found a staircase to the Ecumenical Temple.
  7065 | D:6      | Reached skill level 5 in Fighting
  7065 | D:6      | Reached skill level 5 in Armour
  7615 | D:7      | Found a shimmering altar of Xom.
  7964 | D:7      | Noticed Prince Ribbit
  8354 | D:7      | Reached skill level 6 in Invocations
  8726 | D:8      | Reached skill level 1 in Throwing
  9120 | D:8      | Found the +2 ratskin cloak {+Rats rPois rN+ Str-1 Int-1
                  | Dex+1}
  9232 | D:8      | Found a runed translucent gate.
  9232 | D:8      | Found a runed translucent gate.
  9233 | D:8      | Found a runed translucent gate.
  9234 | D:8      | Noticed MordorOrchid's ghost (novice OpEn)
  9243 | D:8      | Noticed demivan's ghost (novice HOMo)
  9245 | D:8      | Noticed Flugkiller's ghost (novice DrHu)
  9245 | D:8      | Noticed splatterpode's ghost (novice OpBe)
  9641 | D:9      | Found a white marble altar of Elyvilon.
  9700 | D:9      | Noticed a troll
  9715 | D:9      | Killed a troll
  9715 | D:9      | Reached XP level 10. HP: 59/82 MP: 14/14
  9885 | D:9      | Reached ***** piety under Lugonu
 10267 | D:7      | Reached skill level 1 in Shields
 10733 | D:9      | Noticed a cyclops
 10756 | D:9      | Killed a cyclops
 10763 | D:9      | Identified a scroll of acquirement
 10878 | D:9      | Found a staircase to the Orcish Mines.
 10961 | D:9      | Noticed a six-headed hydra
 10962 | D:9      | Noticed a two-headed ogre
 10967 | D:9      | Noticed a two-headed ogre
 10979 | D:9      | Killed a two-headed ogre
 10979 | D:9      | Reached skill level 5 in Dodging
 10979 | D:9      | Reached skill level 7 in Invocations
 11161 | D:9      | Noticed a centaur warrior
 11170 | D:9      | Banished a six-headed hydra
 11182 | D:9      | Killed a centaur warrior
 11186 | D:9      | Killed a two-headed ogre
 11407 | D:9      | Reached XP level 11. HP: 79/89 MP: 7/16
 11727 | D:9      | Noticed a four-headed hydra
 11728 | D:9      | Banished a four-headed hydra
 12175 | D:10     | Entered Level 10 of the Dungeon
 12238 | D:10     | Reached skill level 8 in Invocations
 12313 | D:10     | Found a staircase to the Lair.
 12337 | D:10     | Found a runed translucent door.
 12715 | D:10     | Noticed Maurice
 12728 | D:10     | Killed Maurice
 12965 | D:10     | Noticed bmj180's ghost (journeyman HOFi)
 12966 | D:10     | Noticed a spriggan rider
 13026 | D:10     | Identified the +5 trident of Disharmony {flame, Str+4}
 13334 | D:9      | Reached skill level 1 in Evocations
 13364 | D:9      | Banished bmj180's ghost
 13795 | Lair:1   | Entered Level 1 of the Lair of Beasts
 14021 | Lair:1   | Reached skill level 1 in Polearms
 14162 | Lair:1   | You fall into a shaft and drop 1 floor!
 14289 | Lair:2   | Reached skill level 9 in Invocations
 14304 | Lair:2   | Reached XP level 12. HP: 79/97 MP: 18/18
 16165 | Abyss:2  | Found a corrupted altar of Lugonu.
 16214 | Abyss:2  | Noticed a great orb of eyes
 16229 | Abyss:2  | Noticed a lich
 16232 | Abyss:2  | Killed a great orb of eyes
 16235 | Lair:2   | Escaped the Abyss
 16536 | Lair:3   | Noticed a seven-headed hydra
 16543 | Lair:3   | Killed a seven-headed hydra
 16571 | Lair:3   | Found a staircase to the Snake Pit.
 16636 | Lair:3   | Reached skill level 5 in Polearms
 17003 | Lair:3   | Noticed a catoblepas
 17035 | Lair:3   | Killed a catoblepas
 17067 | Lair:3   | Reached skill level 10 in Invocations
 17634 | Lair:3   | Reached XP level 13. HP: 105/105 MP: 20/20
 17817 | Lair:4   | Found a staircase to the Swamp.
 17839 | Lair:4   | Noticed Nergalle
 18986 | Lair:4   | Killed Nergalle
 19277 | Lair:5   | Reached skill level 5 in Shields
 19437 | Lair:5   | Found a staircase to the Slime Pits.
 19578 | Lair:5   | Found a viscous altar of Jiyva.
 20370 | Lair:6   | Entered Level 6 of the Lair of Beasts
 20933 | Lair:5   | Reached skill level 11 in Invocations
 21848 | Lair:5   | Reached XP level 14. HP: 101/115 MP: 22/22
 23271 | Lair:6   | Found a runed translucent door.
 23849 | Lair:6   | Identified the Papyrus of Dusty Transmutation
 25359 | D:11     | Found Raloprus's Assorted Antiques.
 25387 | D:11     | Bought a glowing broad axe for 147 gold pieces
 25387 | D:11     | Bought a pitted helmet for 199 gold pieces
 25397 | D:11     | Identified the cursed +0 helmet "Weotun" {Int+4} (You
                  | bought it in a shop on level 11 of the Dungeon)
 25637 | D:11     | You fall into a shaft and drop 2 floors!
 25678 | D:13     | Reached ****** piety under Lugonu
 25818 | D:11     | Found a portal to a secret trove of treasure.
 26246 | D:12     | Noticed Josephine
 26271 | D:12     | Killed Josephine
 26574 | D:12     | Reached skill level 12 in Invocations
 26972 | D:12     | Found Cumed Ulie's Antique Armour Emporium.
 26979 | D:12     | Bought a glowing scarf for 240 gold pieces
 28254 | D:12     | Reached XP level 15. HP: 119/123 MP: 24/24
 28357 | D:13     | Found the +12 glaive of Prune {chop}
 29013 | D:13     | Found a gate to the Vaults.
 29054 | D:13     | Reached skill level 10 in Polearms
 30074 | D:14     | Noticed Snorg
 30074 | D:14     | Noticed Jorgrun
 30155 | D:13     | Killed Snorg
 30583 | D:14     | Escaped the Abyss
 30594 | D:14     | Killed Jorgrun
 30664 | D:15     | Entered Level 15 of the Dungeon
 30978 | D:15     | Found a shadowy altar of Dithmenos.
 31180 | D:15     | Reached skill level 13 in Invocations
 31614 | D:15     | Paralysed by an orc sorcerer for 5 turns
 31991 | D:15     | Found a staircase to the Depths.
 32472 | Orc:1    | Entered Level 1 of the Orcish Mines
 32472 | Orc:1    | Noticed Sonja
 32902 | Orc:1    | Noticed an orc warlord
 32945 | Orc:1    | Killed an orc warlord
 33159 | Orc:2    | Entered Level 2 of the Orcish Mines
 33234 | Orc:1    | Noticed Fannar
 33240 | Orc:2    | Killed Fannar
 33240 | Orc:2    | Reached XP level 16. HP: 132/132 MP: 25/25
 33676 | Orc:2    | Found a dark tunnel.
 33726 | Volcano  | Entered a volcano
 34214 | Orc:2    | Paralysed by an ogre mage for 5 turns
 34235 | Orc:2    | Reached skill level 10 in Armour
 34590 | Orc:2    | Paralysed by an ogre mage for 7 turns
 34596 | Orc:2    | HP: 4/132 [two-headed ogre/+0 giant club (7)]
 34596 | Orc:2    | Mangled by an ogre

Levels and vault maps discovered:
D:1:      eino_arrival_water_star, layout_basic, minmay_heptomino_d4
D:2:      layout_basic, yredelemnul_forgotten_temple_becter,
          chequers_ecumenical_altar_island, first_ration, nrook_mini_vaults,
          kennysheep_boxes
D:3:      layout_basic, serial_curves, eino_curves_02, eino_curves_01
D:4:      layout_cave_pods, fedhas_altar_2, ebering_ghost_reflecting_pool,
          uniq_menkaure, uniq_grinder
D:5:      layout_basic, old_standard_altar, nicolae_ru_path_of_blood,
          serial_shops, shop, basic_altar
D:6:      layout_layer_cave, minmay_temple_entry_grid
D:7:      layout_cave_pods, lemuel_doored_altar, the_bakery, uniq_prince_ribbit1
D:8:      wander_guarded_unrand_ratskin, layout_rooms, gammafunk_ghost_cemetery
D:9:      minmay_diamond_stairs, layout_cave_pods, lemuel_crystal_altar,
          erik_orc_2, minmay_shattered_shrine
D:10:     layout_roguey, lair_entry_dummy, ebering_ghost_funeral_grove,
          uniq_maurice
D:11:     layout_basic, serial_shops, shop, enter_trove_2
D:12:     layout_basic, serial_shops, shop, minmay_diced_spiral, uniq_josephine
D:13:     layout_basic, david_vaults_4, gauntlet_entry_generic,
          corexii_leaking_fountain, minmay_guarded_unrand_prune
D:14:     layout_gridville, nicolae_twisting_strands, uniq_snorg, uniq_jorgrun
D:15:     grunt_enter_depths_magical_seal, layout_gridville, basic_altar,
          minmay_fountain_box, einodemon_barbed_minivault
Lair:1:   layout_chaotic_city, grunt_megastairs_1, lemuel_fruit_tree,
          serial_bayou_shore_a
Lair:2:   layout_cave_pods, portal_ice_cave_demonic_guard,
          chequers_serial_rivers_micro_d, grunt_megastairs_3,
          infiniplex_staircase_pool_2
Lair:3:   layout_loops_ring, dummy_snake_entry, grunt_forest_large_clearings
Lair:4:   layout_cave_pods, swamp_mist, grunt_megastairs_2, uniq_nergalle
Lair:5:   layout_misc_corridors, slime_altar_1
Lair:6:   hangedman_lair_tendril_chambers, layout_misc_corridors, wormcave,
          chequers_serial_rivers_room_b, minmay_lair_oklob_items
Orc:1:    layout_caves, uniq_sonja, uniq_fannar
Orc:2:    st_orc_ogre_mass, layout_caves, nicolae_volcano_entry_lava_flow

Skill      XL: |  1  2  3  4  5  6  7  8  9 10 11 12 13 14 15 16 |
---------------+-------------------------------------------------+-----
Axes           | 2 3 4 6 7 8 9 |  9.5
Dodging        | 1 2 3 4 5 6 7 8 9 |  9.5
Armour         | 2 3 4 5 6 7 8 9 10 | 10.0
Invocations    | 3 4 5 6 7 9 10 11 12 13 | 13.4
Fighting       | 4 5 6 7 8 9 |  9.5
Throwing       | 1 2 3 |  3.0
Shields        | 2 3 4 5 6 7 |  7.7
Evocations     | 1 |  1.1
Polearms       | 2 5 8 9 11 | 11.1

Action                   |  1- 3 |  4- 6 |  7- 9 | 10-12 | 13-15 | 16-18 || total
-------------------------+-------+-------+-------+-------+-------+-------++-------
Melee: Hand axe          |    90 |   209 |   376 |    96 |       |       ||   771
       Kick              |     9 |    33 |   141 |   346 |   901 |    71 ||  1501
       War axe           |       |       |       |   205 |       |       ||   205
       Trident           |       |       |       |   453 |  1726 |   139 ||  2318
Throw: Boomerang         |       |       |    10 |    21 |     7 |     3 ||    41
       Javelin           |       |       |       |       |    19 |     2 ||    21
Invok: Depart the Abyss  |     1 |       |       |     1 |     1 |       ||     3
       Banish            |       |       |       |     5 |     4 |       ||     9
       Bend Space        |       |       |       |     4 |     5 |       ||     9
       Enter the Abyss   |       |       |       |     1 |     1 |       ||     2
 Abil: Evoke Ratskin     |       |       |       |     2 |       |       ||     2
       Evoke Flight      |       |       |       |     1 |       |       ||     1
Evoke: Wand              |       |       |     3 |     5 |     3 |       ||    11
  Use: Scroll            |     7 |     5 |    10 |     2 |    12 |       ||    36
       Potion            |     2 |     1 |     3 |       |     5 |       ||    11
 Stab: Sleeping          |       |       |       |     3 |     8 |     1 ||    12
       Distracted        |       |       |       |     2 |     1 |       ||     3
  Eat: Chunk             |     1 |     8 |    11 |    23 |    31 |     2 ||    76
       Ration            |       |       |     1 |     1 |     5 |     1 ||     8
Armor: Leather armour    |    28 |       |       |       |       |       ||    28
       Scale mail        |    34 |   127 |       |       |       |       ||   161
       Ring mail         |       |     9 |   140 |   238 |   415 |    57 ||   859
       Skin              |       |       |       |     4 |       |       ||     4
Dodge: Dodged            |    61 |    80 |   419 |   384 |   919 |    94 ||  1957
       Deflected         |       |       |       |       |    17 |     3 ||    20
Block: Shield            |       |       |    57 |   489 |  1091 |   117 ||  1754
       Buckler           |       |       |     8 |       |       |       ||     8

Table legend:
 A = Non-vault XP
 B = Vault XP
 C = Vault XP percentage of total XP
 D = Non-vault monster count
 E = Vault monster count
 F = Vault count percentage of total count
                 A         B        C        D         E       F
            +---------+---------+-------+---------+---------+-------
      Total |  100342 |   64262 |  39.0 |     644 |     206 |  24.2
            +---------+---------+-------+---------+---------+-------
        D:1 |      69 |       4 |   5.5 |      22 |       3 |  12.0
        D:2 |     183 |       1 |   0.5 |      29 |       1 |   3.3
        D:3 |      95 |       0 |   0.0 |      24 |       0 |   0.0
        D:4 |     197 |     601 |  75.3 |      10 |       3 |  23.1
        D:5 |     881 |       0 |   0.0 |      28 |       0 |   0.0
        D:6 |    1424 |       0 |   0.0 |      30 |       0 |   0.0
        D:7 |    1017 |     342 |  25.2 |      25 |       2 |   7.4
        D:8 |     529 |     249 |  32.0 |      10 |      22 |  68.8
        D:9 |    2523 |    6806 |  73.0 |      29 |      35 |  54.7
       D:10 |    1459 |     894 |  38.0 |      12 |       3 |  20.0
       D:11 |    2916 |       0 |   0.0 |      37 |       0 |   0.0
       D:12 |    5735 |    3253 |  36.2 |      26 |       8 |  23.5
       D:13 |    8463 |    7571 |  47.2 |      45 |      13 |  22.4
       D:14 |    9876 |    3351 |  25.3 |      45 |       1 |   2.2
       D:15 |   10706 |    7381 |  40.8 |      37 |      18 |  32.7
     Lair:1 |    4780 |       0 |   0.0 |      25 |       0 |   0.0
     Lair:2 |    5752 |    1109 |  16.2 |      30 |       3 |   9.1
     Lair:3 |    4640 |    3185 |  40.7 |      20 |      20 |  50.0
     Lair:4 |    7295 |     816 |  10.1 |      22 |       1 |   4.3
     Lair:5 |   10963 |    2862 |  20.7 |      39 |       9 |  18.8
     Lair:6 |   11616 |   15405 |  57.0 |      35 |      48 |  57.8
      Orc:1 |    6760 |     981 |  12.7 |      39 |       2 |   4.9
      Orc:2 |     689 |    5985 |  89.7 |      19 |       8 |  29.6
    Abyss:1 |     387 |       0 |   0.0 |       1 |       0 |   0.0
    Abyss:2 |    1387 |       0 |   0.0 |       5 |       0 |   0.0
    Volcano |       0 |    3466 | 100.0 |       0 |       6 | 100.0
            +---------+---------+-------+---------+---------+-------
